 Dungeon Crawl Stone Soup version 0.16.0-16-g311141a (webtiles) character file.

70 ketsa the Conjurer (level 4, 0/24 HPs)
             Began as a Deep Elf Conjurer on Mar 19, 2015.
             Killed by divine providence
             ... invoked by an orc priest
              (14 damage)
             ... on level 3 of the Dungeon.
             The game lasted 00:05:06 (1916 turns).

ketsa the Conjurer (Deep Elf Conjurer)              Turns: 1916, Time: 00:05:06

Health: 0/24       AC:  3    Str:  5    XL:     4   Next: 3%
Magic:  9/15       EV: 13    Int: 21    God:
Gold:   158        SH:  0    Dex: 20    Spells: 4 memorised, 2 levels left

rFire  . . .     SeeInvis .     k - +0 dagger
rCold  . . .     Clarity  +     m - +0 robe (curse)
rNeg   . . .     SustAb   .     (no shield)
rPois  .         Gourm    .     (no helmet)
rElec  .         Spirit   .     (no cloak)
rCorr  .         Warding  .     g - +0 pair of gloves
rMut   .         Stasis   .     (no boots)
MR     .....                    i - amulet of clarity
Stlth  ++........               (no ring)
                                n - +5 ring of dexterity

@: not resistant to hostile enchantments, unstealthy
A: no striking features
a: no special abilities


You were on level 3 of the Dungeon.
You were not hungry.

You visited 1 branch of the dungeon, and saw 3 of its levels.

You collected 158 gold pieces.

Inventory:

Hand weapons
 k - a +0 dagger (weapon)
Missiles
 o - 13 poisoned needles
Armour
 g - a +0 pair of gloves (worn)
 m - a cursed +0 robe (worn)
 u - a +0 robe
Jewellery
 a - an uncursed amulet of stasis {unknown}
 i - an amulet of clarity (around neck)
 n - a +5 ring of dexterity (left hand)
Scrolls
 e - 2 scrolls of fog {unknown}
 f - a scroll of immolation {unknown}
 h - 7 scrolls of identify {unknown}
 p - a scroll of remove curse {unknown}
 v - a scroll of teleportation {unknown}
 w - a scroll of blinking {unknown}
Potions
 j - a potion of flight {unknown}
 l - a potion of ambrosia {unknown}
 q - a potion of curing {unknown}
 s - a potion of magic {unknown}
Books
 c - a book of Conjurations

   Spells                             Type                      Level
   a - Magic Dart                     Conjuration                  1
   b - Searing Ray                    Conjuration                  2
   c - Dazzling Spray                 Conjuration/Hexes            3
   d - Fulminant Prism                Conjuration/Hexes            4
   e - Iskenderun's Mystic Blast      Conjuration                  4
   f - Iskenderun's Battlesphere      Conjuration/Charms           5
Comestibles
 b - 2 bread rations
 d - 2 slices of pizza
 r - a beef jerky
 t - a meat ration
 x - 2 chunks of flesh


   Skills:
 - Level 2.4 Dodging
 - Level 2.4 Stealth
 + Level 4.6 Spellcasting
 + Level 5.4 Conjurations


You had 2 spell levels left.
You knew the following spells:

 Your Spells              Type           Power        Failure   Level  Hunger
a - Magic Dart            Conj           ####         1%          1    None
b - Searing Ray           Conj           ####..       1%          2    #......
c - Dazzling Spray        Conj/Hex       ###.....     14%         3    ##.....
d - Iskenderun's Mystic   Conj           ####....     14%         4    ####...


Dungeon Overview and Level Annotations

Branches:
Dungeon (3/15)

Altars:


Message History

An orc comes into view. It is wielding a falchion.
Casting: Magic Dart
Confirm with . or Enter, or press ? or * to list all spells.
Aiming: Magic Dart
Press: ? - help, Shift-Dir - straight line, f/p - orc priest
Aim: an orc priest, wielding a club and wearing a leather armour (severely wounded)
The magic dart hits the orc priest.
The orc priest is severely wounded.
The orc shouts!
Casting: Magic Dart
Confirm with . or Enter, or press ? or * to list all spells.
Aiming: Magic Dart
Press: ? - help, Shift-Dir - straight line, f/p - orc priest
Aim: an orc priest, wielding a club and wearing a leather armour (severely wounded)
The magic dart hits the orc priest.
The orc priest is almost dead.
The orc priest calls down the wrath of Beogh upon you.
Something smites you!
Ouch! That really hurt!
You die...

...#####.....######.#
#.#................#
#.....#.....###.####
####.....##...## #÷#
#........###.## ##.#
#.##.....# #.# #..#
..#.##.....###.####..####.#
...........................#
..#.########@#....#..######
# #.####.#..# #.# #.#..# #.#
#.#.)# #o# #.#.†# #o# #.#..#
#># #.#..# .o. #.#..# o.?
..#..#


You could see an orc priest and 3 orcs.

Vanquished Creatures
  2 adders (D:3)
  2 giant geckos (D:1)
  An ooze (D:2)
  2 orcs (D:3)
  A giant cockroach (D:2)
  3 hobgoblins
  8 jackals
  A quokka (D:2)
  9 bats
  2 giant newts
  5 goblins
  4 kobolds
  A rat (D:2)
41 creatures vanquished.

Notes
Turn   | Place    | Note
--------------------------------------------------------------
     0 | D:1      | ketsa, the Deep Elf Conjurer, began the quest for the Orb.
     0 | D:1      | Reached XP level 1. HP: 10/10 MP: 5/5
   364 | D:1      | Reached XP level 2. HP: 15/15 MP: 1/8
   778 | D:2      | Learned a level 2 spell: Searing Ray
   780 | D:2      | Reached skill level 5 in Conjurations
  1063 | D:2      | Reached XP level 3. HP: 19/19 MP: 9/11
  1865 | D:3      | Reached XP level 4. HP: 24/24 MP: 11/15
  1870 | D:3      | Learned a level 3 spell: Dazzling Spray
  1875 | D:3      | Learned a level 4 spell: Iskenderun's Mystic Blast
  1916 | D:3      | Killed from afar by an orc priest

Action                   |  1- 3 |  4- 6 || total
-------------------------+-------+-------++-------
Melee: Dagger            |     3 |       ||     3
 Cast: Magic Dart        |    80 |     7 ||    87
       Searing Ray       |     2 |       ||     2
  Eat: Chunk             |     3 |       ||     3
